 Dungeon Crawl Stone Soup version 0.18.1-48-g4cf74bf (webtiles) character file.

427 dearth the Chopper (level 6, -5/58 HPs)
             Began as a Hill Orc Fighter on Aug 5, 2016.
             Killed from afar by Heedrag's ghost (14 damage)
             ... with a spray of energy
             ... on level 4 of the Dungeon on Aug 6, 2016.
             The game lasted 00:09:00 (3266 turns).

dearth the Chopper (Hill Orc Fighter)               Turns: 3266, Time: 00:09:00

Health: -5/58      AC:  7    Str: 23    XL:     6   Next: 97%
Magic:  6/6        EV:  7    Int:  8    God:
Gold:   222        SH:  0    Dex: 11    Spells: 0 memorised, 5 levels left

rFire  . . .     SeeInvis .     a - +0 war axe
rCold  . . .     Gourm    .     b - +0 scale mail
rNeg   . . .     Faith    .     c - +0 shield
rPois  .         Spirit   .     (no helmet)
rElec  .         Dismiss  .     (no cloak)
rCorr  .         Reflect  .     (no gloves)
SustAt .         Harm     .     (no boots)
MR     .....                    (no amulet)
Stlth  ..........               (no ring)
                                g - +3 ring of strength

@: confused, not resistant to hostile enchantments, extremely unstealthy
A: no striking features
a: no special abilities


You were on level 4 of the Dungeon.
You were not hungry.

You visited 1 branch of the dungeon, and saw 4 of its levels.
You also visited: Sewer.

You collected 222 gold pieces.

Inventory:

Hand Weapons
 a - a +0 war axe (weapon)
Armour
 b - a +0 scale mail (worn)
 c - a +0 shield (worn)
Jewellery
 g - a +3 ring of strength (left hand)
 i - an uncursed amulet of harm {unknown}
Scrolls
 d - 3 scrolls of teleportation {unknown}
 j - 3 scrolls of noise {unknown}
 k - 2 scrolls of identify {unknown}
 l - a scroll of fear {unknown}
 p - a scroll of blinking {unknown}
 r - 5 scrolls of amnesia {unknown}
 s - 2 scrolls of remove curse {unknown}
 t - a scroll of magic mapping {unknown}
Potions
 e - a potion of invisibility
 m - a potion of curing
 q - a potion of mutation {unknown}
 u - a potion of lignification
Comestibles
 f - 3 bread rations
 h - 2 beef jerkies
 n - a royal jelly
 o - 2 meat rations


   Skills:
 * Level 6.3 Fighting
 * Level 6.7 Axes
 - Level 4.1 Armour
 - Level 3.6 Shields


You had 5 spell levels left.
You didn't know any spells.

Dungeon Overview and Level Annotations

Branches:
Dungeon (4/15)
 Temple: D:4-7

Altars:

Annotations:
D:4 Heedrag's ghost, amateur DECj


Message History

You see here a potion of lignification.
u - a potion of lignification Heedrag's ghost points at you and mumbles some strange words.
The spray of energy hits you!
You are confused.
You're too confused to move!
Heedrag's ghost hits you but does no damage.
You bump into the rock wall.
Heedrag's ghost points at you and mumbles some strange words.
The spray of energy hits you!
You are more confused.
Heedrag's ghost gestures at you while chanting.
The spray of energy hits you!
* * * LOW HITPOINT WARNING * * *
You bump into the rock wall.
You're too confused to move!
Heedrag's ghost closely misses you.
You bump into the rock wall.
Heedrag's ghost points at you and mumbles some strange words.
The spray of energy hits you!
You die...

#....#
#....####.#
###..#
##........#
#..#
#.#.######
#..# #.#.#
###..# #.#.#
....># #.#.#
###(.# #[#.#
...# #.#.#
###.# #@#.#
#.# #W#.#
#.# ##.#.#
.# #....#..
.#
#####..###.#
#......# #.#
#.###.## #.#
#.###.####!#
#....†.....#


You could see Heedrag's ghost.

Vanquished Creatures
  A phantom (D:4)
  A scorpion (D:4)
  2 worker ants (D:4)
  An iguana (D:4)
  A howler monkey skeleton (D:4)
  8 gnolls
  5 adders
  An ooze (D:4)
  A worm (D:4)
  2 dart slugs (D:1)
  6 giant geckos
  4 giant cockroaches (D:3)
  4 hobgoblins
  7 jackals (D:1)
  2 quokkas
  3 ball pythons
  7 bats
  A giant gecko skeleton (D:4)
  4 giant newts
  9 goblins
  4 kobolds
  8 rats
82 creatures vanquished.

Notes
Turn   | Place    | Note
--------------------------------------------------------------
     0 | D:1      | dearth the Hill Orc Fighter began the quest for the Orb.
     0 | D:1      | Reached XP level 1. HP: 19/19 MP: 1/1
    16 | D:1      | Reached XP level 2. HP: 13/27 MP: 2/2
   399 | D:1      | Reached XP level 3. HP: 33/33 MP: 3/3
   881 | D:2      | Reached XP level 4. HP: 40/40 MP: 4/4
  1574 | D:3      | Reached XP level 5. HP: 46/47 MP: 5/5
  1889 | D:3      | Reached skill level 5 in Axes
  1895 | D:3      | Found a glowing drain.
  1911 | Sewer    | Entered a sewer
  1919 | Sewer    | Reached skill level 5 in Fighting
  1934 | Sewer    | Noticed Purgy
  2205 | D:3      | Found a faded altar to an unknown god.
  2551 | D:4      | Noticed Heedrag's ghost (amateur DECj)
  2608 | D:4      | Noticed a phantom
  2666 | D:4      | Killed a phantom
  2666 | D:4      | Reached XP level 6. HP: 41/56 MP: 6/6
  3266 | D:4      | Killed from afar by Heedrag's ghost

Skill      XL: |  1  2  3  4  5  6 |
---------------+-------------------+-----
Axes           | 3 4 5 6 |  6.7
Fighting       | 4 5 6 |  6.3
Armour         | 4 |  4.1
Shields        | |  3.6

Action                   |  1- 3 |  4- 6 || total
-------------------------+-------+-------++-------
Melee: War axe           |    90 |   205 ||   295
  Use: Potion            |       |     5 ||     5
  Eat: Chunk             |       |     8 ||     8
Armor: Scale mail        |    61 |   154 ||   215
       Skin              |       |    60 ||    60
Dodge: Dodged            |    36 |   101 ||   137
Block: Shield            |    72 |   198 ||   270
